 Dungeon Crawl Stone Soup version 0.21.1-1-g345015f (webtiles) character file.

124 KleinerIrrer the Chopper (level 5, -5/41 HPs)
             Began as a Formicid Fighter on Apr 4, 2018.
             Slain by an orc warrior
             ... wielding a +0 halberd
              (14 damage)
             ... on level 3 of the Dungeon.
             The game lasted 00:01:09 (2624 turns).

KleinerIrrer the Chopper (Formicid Fighter)         Turns: 2624, Time: 00:01:09

Health: -5/41      AC: 10    Str: 21    XL:     5   Next: 30%
Magic:  0/5        EV:  6    Int:  8    God:
Gold:   181        SH:  9    Dex: 10    Spells: 4/4 levels left

rFire    . . .     SeeInvis +   Y - +1 war axe
rCold    . . .     Gourm    .   c - +0 shield
rNeg     . . .     Faith    .   o - +0 chain mail
rPois    .         Spirit   +   (helmet unavailable)
rElec    .         Reflect  .   (no cloak)
rCorr    .         Harm     .   (no gloves)
MR       .....                  i - +0 pair of boots
Stlth    ..........             m - amulet of guardian spirit
HPRegen  0.13/turn              (no ring)
MPRegen  0.09/turn              (no ring)

@: no status effects
A: permanent stasis, dig shafts and tunnels, four strong arms, antennae 3
a: Dig, Shaft Self


You were on level 3 of the Dungeon.
You were not hungry.

You visited 1 branch of the dungeon, and saw 3 of its levels.

You collected 181 gold pieces.


Innate Abilities, Weirdness & Mutations

You cannot be hasted, slowed, berserked, paralysed or teleported.
You can dig through walls and to a lower floor.
Your four strong arms can wield two-handed weapons with a shield.
You have a pair of large antennae on your head. (SInv)


   Skills:
 - Level 3.2 Fighting
 - Level 5.0 Axes
 - Level 3.2 Armour
 + Level 3.9 Shields


You had 4 spell levels left.
You didn't know any spells.

Inventory:

Hand Weapons
 n - a +0 mace
 Y - a +1 war axe (weapon)
Armour
 c - a +0 shield (worn)
 i - a +0 pair of boots (worn)
 o - a +0 chain mail (worn)
Jewellery
 b - an uncursed ring of fire
 m - an amulet of guardian spirit (around neck)
Scrolls
 g - a scroll of identify
 l - a scroll of teleportation
 r - 4 scrolls of remove curse
Potions
 d - 2 potions of might
 h - a potion of curing
 k - a potion of heal wounds {unknown}
 p - a potion of brilliance {unknown}
 q - a potion of resistance {unknown}
Comestibles
 e - 3 rations

Dungeon Overview and Level Annotations

Branches:
Dungeon (3/15)

Altars:

Annotations:
D:3 empire's ghost, amateur GnGl


Message History

The orc warrior is lightly wounded.
You closely miss the adder. The adder bites you but does no damage.
The orc warrior hits you but does no damage.
You hit the orc warrior.
The orc warrior is moderately wounded.
You hit the adder. The adder bites you but does no damage.
The orc warrior hits you with a halberd!!
You block the adder's attack.
You hit the adder.
The adder is almost dead.
Your shield and chain mail prevent you from hitting the orc warrior.
You block the adder's attack. You block the orc warrior's attack.
You block the adder's attack.
You closely miss the adder.
The adder is almost dead.
You closely miss the orc warrior.
The orc warrior hits you with a halberd!
You die...

.....#...# { .....#...#
.....#...## ..........#
........?.# o..#.oo{..#
......o#..#########
%######oS#.........
#./.#@#.#........
#.##.#.############ #......#
#####.....(........ #......#
##............. #......#
##.............. #...... ###
#............... #.....#
#.###...............
###.....######..#..##.....######.
#..................#...........#.


You could see an orc warrior, an orc wizard, an adder and 2 orcs.

Vanquished Creatures
  A worker ant (D:2)
  4 adders
  An ooze (D:1)
  A worm (D:2)
  A leopard gecko (D:1)
  4 giant cockroaches
  8 goblins
  10 hobgoblins
  8 kobolds
  A quokka (D:2)
  7 bats
  10 rats
56 creatures vanquished.

Notes
Turn   | Place    | Note
-------+----------+-------------------------------------------
     0 | D:1      | KleinerIrrer the Formicid Fighter began the quest for the Orb.
     0 | D:1      | Reached XP level 1. HP: 18/18 MP: 1/1
     0 | D:1      | 0 ||| counter = 10
   108 | D:1      | Reached XP level 2. HP: 24/24 MP: 2/2
   207 | D:1      | Reached skill level 3 in Axes
   337 | D:1      | 337 ||| DROPPING club.
   373 | D:1      | Reached XP level 3. HP: 29/29 MP: 3/3
   895 | D:1      | 895 ||| UPGRADING to chain mail.
   905 | D:1      | 905 ||| DROPPING +0 scale mail.
   906 | D:1      | 906 ||| READING scroll labeled HATHRA BO ZAL.
   907 | D:1      | 907 ||| READING scroll labeled ZEIGOC GUTEI.
   908 | D:1      | 908 ||| READING 2 scrolls labeled RAS YMEXAOPHO.
  1148 | D:2      | Reached skill level 4 in Axes
  1148 | D:2      | Reached XP level 4. HP: 30/35 MP: 4/4
  1544 | D:2      | 1544 ||| UPGRADING to mace.
  1545 | D:2      | 1545 ||| SWAPPING to +0 war axe.
  1849 | D:2      | Reached XP level 5. HP: 32/41 MP: 5/5
  2093 | D:2      | 2093 ||| EATING 4 rations.
  2101 | D:2      | 2101 ||| UPGRADING to pair of boots.
  2106 | D:2      | 2106 ||| UPGRADING to glowing steel amulet.
  2107 | D:2      | 2107 ||| UPGRADING to tourmaline ring.
  2108 | D:2      | 2108 ||| REMOVING ring of fire.
  2109 | D:2      | 2109 ||| UPGRADING to blackened brass ring.
  2110 | D:2      | 2110 ||| REMOVING ring of magical power.
  2111 | D:2      | 2111 ||| DROPPING ring of magical power.
  2112 | D:2      | 2112 ||| DRINKING 2 purple potions.
  2113 | D:2      | 2113 ||| DROPPING potion of magic.
  2239 | D:3      | Reached skill level 5 in Axes
  2390 | D:3      | Noticed empire's ghost (amateur GnGl)
  2428 | D:3      | 2428 ||| STAIRDANCE
  2487 | D:2      | 2487 ||| READING scroll labeled WONUZI LU SUTHYF.
  2488 | D:2      | 2488 ||| READING scroll labeled PITZON FILLOE.
  2489 | D:2      | 2489 ||| DRINKING 2 glowing yellow potions.
  2490 | D:2      | 2490 ||| READING 2 scrolls of identify.
  2490 | D:2      | 2490 ||| IDENTIFYING green potion
  2491 | D:2      | 2491 ||| DROPPING potion of flight.
  2612 | D:3      | Noticed an orc warrior
  2622 | D:3      | HP: 8/41 [orc warrior/halberd (19)]
  2624 | D:3      | Slain by an orc warrior

Vault maps used:
D:1:      dpeg_arrival_tiny_d, minmay_quantized
D:2:      minmay_door_square
D:3:      first_ration, chequers_ecumenical_altar_grove, uniq_sigmund

Skill      XL: |  1  2  3  4  5 |
---------------+----------------+-----
Axes           | 3 4 5 |  5.0
Fighting       | |  3.2
Armour         | |  3.2
Shields        | |  3.9

Action                   |  1- 3 |  4- 6 || total
-------------------------+-------+-------++-------
Melee: War axe           |    91 |   123 ||   214
  Use: Scroll            |     3 |     3 ||     6
       Potion            |       |     2 ||     2
  Eat: Chunk             |     1 |     2 ||     3
       Ration            |       |     1 ||     1
Armor: Scale mail        |    23 |       ||    23
       Chain mail        |     8 |    58 ||    66
Dodge: Dodged            |    18 |    28 ||    46
Block: Shield            |    39 |    63 ||   102

Table legend:
 A = Spawn XP
 B = Non-spawn XP
 C = Spawn XP percentage of total XP
 D = Spawn monster count
 E = Non-spawn monster count
 F = Spawn count percentage of total count
 G = Total turns spent on level
                    A         B        C        D         E        F      G
               +---------+---------+-------+---------+---------+-------+---------
         Total |       0 |     178 |   0.0 |       0 |      56 |   0.0 |  2624
               +---------+---------+-------+---------+---------+-------+---------
           D:1 |       0 |      52 |   0.0 |       0 |      28 |   0.0 |   941
           D:2 |       0 |      93 |   0.0 |       0 |      15 |   0.0 |  1246
           D:3 |       0 |      33 |   0.0 |       0 |      13 |   0.0 |   437
               +---------+---------+-------+---------+---------+-------+---------
